 Dungeon Crawl Stone Soup version 0.19.1 (webtiles) character file.

65 SomeoneSimple the Cutter (level 4, -4/29 HPs)
             Began as a Kobold Berserker on Dec 23, 2016.
             Was a Believer of Trog.
             Slain by droidenko's ghost (9 damage)
             ... on level 3 of the Dungeon.
             The game lasted 00:08:09 (1613 turns).

SomeoneSimple the Cutter (Kobold Berserker)         Turns: 1613, Time: 00:08:10

Health: -4/29      AC:  3    Str: 14    XL:     4   Next: 35%
Magic:  4/4        EV: 15    Int:  8    God:    Trog [**....]
Gold:   108        SH:  0    Dex: 15    Spells: 0 memorised, 3 levels left

rFire  + . .     SeeInvis .     l - +2 short sword (holy)
rCold  x . .     Gourm    .     b - +1 animal skin
rNeg   . . .     Faith    .     (shield restricted)
rPois  .         Spirit   .     (no helmet)
rElec  .         Reflect  .     (no cloak)
rCorr  .         Harm     .     (no gloves)
MR     .....                    (no boots)
Stlth  +++.......               (no amulet)
                                s - ring of fire
                                f - ring of stealth

@: no status effects
A: carnivore 3
a: Berserk, Trog's Hand, Burn Spellbooks, Renounce Religion


You were on level 3 of the Dungeon.
You worshipped Trog.
Trog was pleased with you.
You were completely stuffed.

You visited 1 branch of the dungeon, and saw 3 of its levels.

You collected 108 gold pieces.

Inventory:

Hand Weapons
 l - a +2 short sword of holy wrath (weapon)
Missiles
 g - 56 bolts
Armour
 b - a +1 animal skin (worn)
Jewellery
 f - a ring of stealth (left hand)
 s - a ring of fire (right hand)
Scrolls
 e - a scroll of random uselessness {unknown}
 h - a scroll of teleportation {unknown}
 j - a scroll of enchant armour
 m - a scroll of remove curse {unknown}
 n - a scroll of enchant weapon
 o - 3 scrolls of identify
 q - 2 scrolls of magic mapping {unknown}
 t - a scroll of fear {unknown}
Potions
 a - a potion of brilliance {unknown}
 d - a potion of invisibility {unknown}
 i - 4 potions of agility
 k - a potion of curing {unknown}
Comestibles
 c - 4 meat rations
 p - 3 chunks of flesh
 r - a beef jerky


   Skills:
 + Level 3.7 Fighting
 * Level 4.9 Short Blades
 - Level 1.5 Armour
 + Level 2.8 Dodging
 * Level 3.0 Stealth


You had 3 spell levels left.
You didn't know any spells.

Dungeon Overview and Level Annotations

Branches:
Dungeon (3/15)

Altars:
Cheibriados

Annotations:
D:3 droidenko's ghost, amateur MiFi


Innate Abilities, Weirdness & Mutations

You are small and have problems with some larger weapons.
You are carnivorous and can eat meat at any time.


Message History

You completely miss droidenko's ghost.
Droidenko's ghost is heavily damaged.
Droidenko's ghost hits you.
* * * LOW HITPOINT WARNING * * *
As you read the scroll labeled DYHEVIUWEL, it crumbles to dust.
It is a scroll of identify.
i - 4 potions of agility Droidenko's ghost closely misses you.
As you read the scroll labeled ZOENATEKUR, it crumbles to dust.
It is a scroll of enchant armour.
Your +0 animal skin glows green for a moment.
Droidenko's ghost closely misses you.
As you read the scroll labeled ULENYZ FEILIL, it crumbles to dust.
It is a scroll of enchant weapon.
Your +1 short sword of holy wrath glows red for a moment.
Droidenko's ghost misses you.
You hit droidenko's ghost but do no damage.
Droidenko's ghost is heavily damaged.
Droidenko's ghost hits you!
You die...

...........####.
#.###
..#.####........
#.... #.######.
# #..## #.#
#..#..# #.#
#..#..# #.#
#..#..# #.#
#..#<.# #W#
#.....# #@#
##.#.## #.# #..
#.#.## #.# #.#
#....## #.# #.#
#...... ##.##
#.# ##...##
##...## #.#
##.##
##.....###.# #.#
.###.......##.#
#.#
............รท.#
####.#


You could see droidenko's ghost.

Vanquished Creatures
  2 adders
  A ball python (D:3)
  4 bats
  3 giant cockroaches
  6 goblins
  7 hobgoblins
  4 jackals (D:3)
  6 kobolds
  A quokka (D:2)
  4 frilled lizards
  6 rats
44 creatures vanquished.

Notes
Turn   | Place    | Note
-------+----------+-------------------------------------------
     0 | D:1      | SomeoneSimple the Kobold Berserker began the quest for the Orb.
     0 | D:1      | Reached XP level 1. HP: 14/14 MP: 1/1
   145 | D:1      | Reached skill level 1 in Stealth
   145 | D:1      | Reached XP level 2. HP: 19/19 MP: 2/2
   816 | D:2      | Reached XP level 3. HP: 16/23 MP: 3/3
   948 | D:2      | Found a snail-covered altar of Cheibriados.
  1178 | D:2      | Reached ** piety under Trog
  1379 | D:3      | Reached XP level 4. HP: 26/28 MP: 4/4
  1580 | D:3      | Noticed droidenko's ghost (amateur MiFi)
  1613 | D:3      | Slain by droidenko's ghost

Skill      XL: |  1  2  3  4 |
---------------+-------------+-----
Stealth        | 1 2 3 |  3.0
Fighting       | |  3.7
Short Blades   | |  4.9
Armour         | |  1.5
Dodging        | |  2.8

Action                   |  1- 3 |  4- 6 || total
-------------------------+-------+-------++-------
Melee: Short sword       |   112 |    55 ||   167
  Use: Scroll            |       |     3 ||     3
 Stab: Sleeping          |     3 |       ||     3
  Eat: Chunk             |    10 |     1 ||    11
Armor: Animal skin       |    13 |     7 ||    20
Dodge: Dodged            |   107 |    45 ||   152
